 Dungeon Sprint DCSS version 0.31-a0-115-g4708a659fe (webtiles) character file.

Game seed: 9549880826390464454

116 gelatine the Ducker (level 5, -4/35 HPs)
             Began as a Djinni Fire Elementalist on May 29, 2023.
             Killed from afar by an oklob sapling priest (21 damage)
             ... with a splash of acid
             ... in the Dungeon (Sprint IV: "Fedhas' Mad Dash").
             The game lasted 00:02:17 (227 turns).

gelatine the Ducker (Djinni Fire Elementalist)       Turns: 227, Time: 00:02:18

Health: -4/35      AC: -2    Str:  7    XL:     5   Next: 20%
Gold:   68         EV: 15    Int: 19    God:
                   SH:  0    Dex: 13

rFire   + + .        (no weapon)
rCold   x . .        (no shield)
rNeg    . . .        a - +0 robe
rPois   ∞            (no helmet)
rElec   .            (no cloak)
rCorr   .            (no gloves)
SInv    .            (boots unavailable)
Will    .....        g - amulet of invisibility {+Inv}
Stlth   +++          (no ring)
HPRegen 0.25/turn    (no ring)
MPRegen 0.00/turn

%: no teleportation, infuse magic (-5 HP)
@: corroded, flying
A: sickness immunity, fire resistance 2, cold vulnerability 1, float, innate
caster, HP casting, extra vitality 1
a: Evoke Invisibility


You were in the Dungeon.
You visited 1 branch You collected 68 gold pieces.

Inventory:

Armour
 a - a +0 robe (worn)
Jewellery
 g - the amulet of invisibility (around neck) {+Inv}
   (You found it in the Dungeon)

   [amulet of nothing]

   +Inv:      It lets you turn invisible.
Scrolls
 f - a scroll of blinking
Potions
 b - a potion of curing
 c - a potion of heal wounds
 d - a potion of haste
 e - a potion of berserk rage


   Skills:
 + Level 7.7 Dodging
 + Level 5.5 Stealth
 + Level 3.4 Spellcasting
 + Level 3.4 Conjurations
 + Level 3.4 Hexes
 + Level 3.4 Summonings
 + Level 3.4 Necromancy
 + Level 3.4 Translocations
 + Level 3.4 Transmutations
 + Level 3.4 Fire Magic
 + Level 3.4 Ice Magic
 + Level 3.4 Air Magic
 + Level 3.4 Earth Magic
 + Level 3.4 Poison Magic


You knew the following spells:

 Your Spells              Type           Power      Damage    Failure   Level
a - Foxfire               Conj/Fire      64%        2x1d7     3%          1
b - Scorch                Fire           32%        2d6       5%          2
c - Volatile Blastmotes   Fire/Tloc      32%        2d12      11%         3
d - Inner Flame           Hex/Fire       16%        N/A       11%         3
e - Flame Wave            Conj/Fire      16%        2d7       34%         4
f - Sandblast             Erth           32%        2d9       3%          1
g - Ensorcelled Hibernat  Hex/Ice        32%        N/A       5%          2
Your spell library was empty.

Dungeon Overview and Level Annotations

Branches:
Dungeon (1/1)

Altars:
Cheibriados
Dithmenos
Elyvilon
Gozag
Hepliaklqana
Makhleb
Nemelex Xobeh
Okawaru
Qazlal
Ru
Trog
Uskayaw
Wu Jian
Xom
Yredelemnul
Zin
The Shining One
Jiyva
Lugonu

Annotations:
D exclusion: oklob sapling


Innate Abilities, Weirdness & Mutations

You are immune to sickness and miasma.
You are immune to poison.
Your flesh is very heat resistant. (rF++)
You are vulnerable to cold. (rC-)
You float through the air rather than walking.
You learn spells naturally, not from books.
Your magical power is your life essence.
You have superior vitality. (+4 MHP)


Message History

Found two altars.
Found three altars.
The oklob sapling priest begins to cast a cantrip, but forgets the words!
Found a radiant altar of Vehumet and a corrupted altar of Lugonu.
Casting: Scorch (safe; 5% risk of failure)
Confirm with . or Enter, or press ? or * to list all spells.
Aiming: Sandblast (safe; 3% risk of failure)
Press: ? - help, Shift-Dir - straight line, f - oklob sapling priest
Aim: an oklob sapling priest (100% to hit)
The blast of sand hits the oklob sapling priest but does no damage.
Casting: Sandblast (safe; 3% risk of failure)
Confirm with . or Enter, or press ? or * to list all spells.
Aiming: Sandblast (safe; 3% risk of failure)
Press: ? - help, Shift-Dir - straight line, f/p - oklob sapling priest
Aim: an oklob sapling priest (100% to hit)
The blast of sand hits the oklob sapling priest.
The oklob sapling priest is lightly damaged.
The oklob sapling priest looks satisfied for a moment.
The oklob sapling priest spits acid at you.
The splash of acid hits you! The acid corrodes you!
Casting: Sandblast (safe; 3% risk of failure)
Confirm with . or Enter, or press ? or * to list all spells.
Aiming: Sandblast (safe; 3% risk of failure)
Press: ? - help, Shift-Dir - straight line, f/p - oklob sapling priest
Aim: an oklob sapling priest (lightly damaged, 100% to hit)
The blast of sand hits the oklob sapling priest but does no damage.
The oklob sapling priest is lightly damaged.
The oklob sapling priest spits acid at you.
The splash of acid misses you.
Casting: Sandblast (safe; 3% risk of failure)
Confirm with . or Enter, or press ? or * to list all spells.
Aiming: Sandblast (safe; 3% risk of failure)
Press: ? - help, Shift-Dir - straight line, f/p - oklob sapling priest
Aim: an oklob sapling priest (lightly damaged, 100% to hit)
The blast of sand hits the oklob sapling priest but does no damage.
The oklob sapling priest is lightly damaged.
The oklob sapling priest spits acid at you.
The splash of acid hits you!!
Ouch! That really hurt!
You die...

########################
#.....#.....#.⌠._._._._.
'.....'.#(..'.._._._._._
#.....#.#...#..._._P_._.
##########'##.._@_._._._
+...#._._._._._.
#...############ #####


You could see an oklob sapling priest.

Vanquished Creatures
  A scorpion (D)
  2 oklob saplings (D)
  A river rat (D)
  A rat (D)
5 creatures vanquished.

Vanquished Creatures (collateral kills)
  6 foxfires (D)
6 creatures vanquished.

Vanquished Creatures (others)
  3 foxfires (D)
3 creatures vanquished.

Grand Total: 14 creatures vanquished

Notes
Turn   | Place    | Note
-------+----------+-------------------------------------------
     0 | D        | gelatine the Djinni Fire Elementalist began the quest for
                  | the Orb.
     0 | D        | gelatine set off with the following spells memorised:
                  | Foxfire, Scorch, Volatile Blastmotes, Inner Flame, Flame
                  | Wave.
     0 | D        | Reached XP level 1. HP: 15/15 MP: 0/0
    12 | D        | Reached skill level 3 in Dodging
    12 | D        | Reached XP level 2. HP: 5/21 MP: 0/0
    94 | D        | Noticed an oklob sapling
    96 | D        | Killed an oklob sapling
    97 | D        | Reached skill level 5 in Dodging
    97 | D        | Reached XP level 3. HP: 21/25 MP: 0/0
    97 | D        | Learned a level 1 spell: Sandblast
    99 | D        | Noticed a scorpion
    99 | D        | Found the amulet of invisibility {+Inv}
   104 | D        | Killed a scorpion
   105 | D        | Reached skill level 7 in Dodging
   105 | D        | Reached skill level 5 in Stealth
   105 | D        | Reached XP level 4. HP: 7/31 MP: 0/0
   206 | D        | Reached XP level 5. HP: 33/35 MP: 0/0
   206 | D        | Learned a level 2 spell: Ensorcelled Hibernation
   218 | D        | Found an opulent altar of Gozag.
   218 | D        | Found a hazy altar of Hepliaklqana.
   218 | D        | Found a burning altar of Makhleb.
   218 | D        | Found a sparkling altar of Nemelex Xobeh.
   218 | D        | Found a snail-covered altar of Cheibriados.
   218 | D        | Found a sacrificial altar of Ru.
   218 | D        | Found a shimmering altar of Xom.
   218 | D        | Found a basalt altar of Yredelemnul.
   219 | D        | Found a viscous altar of Jiyva.
   219 | D        | Found a bloodstained altar of Trog.
   219 | D        | Found an ornate altar of the Wu Jian Council.
   220 | D        | Found an iron altar of Okawaru.
   220 | D        | Found a shadowy altar of Dithmenos.
   220 | D        | Found a glowing silver altar of Zin.
   221 | D        | Found a hide-covered altar of Uskayaw.
   222 | D        | Found a stormy altar of Qazlal.
   222 | D        | Found a glowing golden altar of the Shining One.
   222 | D        | Found a white marble altar of Elyvilon.
   223 | D        | Found a corrupted altar of Lugonu.
   227 | D        | Killed from afar by an oklob sapling priest

Illustrated notes

Levels and vault maps discovered:
D:        dungeon_sprint_fedhas [sprint_temple]

Skill      XL: |  1  2  3 |
---------------+----------+-----
Spellcasting   | |  3.4
Conjurations   | |  3.4
Hexes          | |  3.4
Summonings     | |  3.4
Necromancy     | |  3.4
Translocations | |  3.4
Transmutations | |  3.4
Fire Magic     | |  3.4
Ice Magic      | |  3.4
Air Magic      | |  3.4
Earth Magic    | |  3.4
Poison Magic   | |  3.4
Dodging        | 3 5 7 |  7.7
Stealth        | 3 4 5 |  5.5

Action                     |  1- 3 |  4- 6 || total
---------------------------+-------+-------++-------
  Melee: Unarmed           |     1 |       ||     1
   Cast: Foxfire           |     7 |       ||     7
         Scorch            |     7 |     1 ||     8
         Sandblast         |       |     4 ||     4
  Dodge: Dodged            |     3 |     1 ||     4

Table legend: (Time is in decaauts)
 A = Elapsed time spent in this place.
 B = Non-inter-level travel time spent in this place.
 C = Inter-level travel time spent in this place.
 D = Time resting spent in this place.
 E = Time spent auto-exploring this place.
 F = Levels seen in this place.
 G = Mean time per level.
                   A        B        C        D        E       F      G
               +--------+--------+--------+--------+--------+-----+--------+
         Total |    228 |    228 |      0 |      0 |    159 |   1 |  228.0 |
       Dungeon |    228 |    228 |      0 |      0 |    159 |   1 |  228.0 |
               +--------+--------+--------+--------+--------+-----+--------+

Top non-repeatable levels by time:
       D: 228 daAuts
